 Dungeon Sprint DCSS version 0.27-a0-1256-gced786f65e (webtiles) character file.

Game seed: 11453912418445871574

100 mhtbhm the Ruffian (level 4, -6/44 HPs)
             Began as a Ghoul Monk on June 11, 2021.
             Mangled by a water elemental (20 damage)
             ... in the Dungeon (Sprint III: "The Ten Rune Challenge").
             The game lasted 00:00:42 (461 turns).

mhtbhm the Ruffian (Ghoul Monk)                      Turns: 461, Time: 00:00:42

Health: -6/44      AC:  2    Str: 15    XL:     4   Next: 73%
Magic:  3/3        EV: 13    Int:  5    God:
Gold:   27         SH:  0    Dex: 11    Spells: 3/3 levels left

rFire    . . .     SeeInvis .     - Unarmed
rCold    + . .     Faith    .   (no shield)
rNeg     + + +     Spirit   .   a - +0 robe
rPois    ∞         Reflect  .   (no helmet)
rElec    .         Harm     .   (no cloak)
rCorr    .         Rampage  .   (no gloves)
Will     .....     NoTele   +   (no boots)
Stlth    ++........             (no amulet)
HPRegen  0.00/turn              (no ring)
MPRegen  0.08/turn              (no ring)

@: no status effects
A: claws 1, cold resistance 1, negative energy resistance 3, inhibited
regeneration, torment resistance 2
a: no special abilities


You were in the Dungeon.
You visited 1 branch You collected 27 gold pieces.

Inventory:

Armour
 a - a +0 robe (worn)
Scrolls
 c - 2 scrolls of immolation {unknown}
 d - 3 scrolls of identify
 f - a scroll of blinking
Potions
 b - a potion of curing
 e - 2 potions of magic
 g - 2 potions of attraction {unknown}
 h - a potion of heal wounds
 i - a potion of flight {unknown}


   Skills:
 + Level 5.9 Fighting
 + Level 5.2 Dodging
 + Level 3.9 Stealth
 + Level 6.5 Unarmed Combat


You had 3 spell levels left.
You didn't know any spells.
Your spell library was empty.

Dungeon Overview and Level Annotations

Branches:
Dungeon (1/1)

Altars:


Innate Abilities, Weirdness & Mutations

You thrive by killing the living.
You are immune to poison.
You have sharp fingernails.
Your flesh is cold resistant. (rC+)
You are immune to negative energy. (rN+++)
You do not regenerate when monsters are visible.
You are immune to unholy pain and torment.


Message History

d - 3 scrolls of identify (gained 2);
g - 2 black potions (gained 1)
Things that are here:
a potion of mutation; 2 potions of mutation You now have 27 gold pieces (gained 18).
You start resting.
Your extra speed is starting to run out.
You start resting.
You feel yourself slow down.
You start resting.
Things that are here:
a potion of mutation; 2 potions of mutation
Okay, then.
There is an open door here.
You start resting.
You start resting.
Unknown command.
You start resting.
Unknown command.
You open the door.
A water elemental comes into view.
Unknown command.
There is an open door to the Ecumenical Temple here.
You claw the water elemental!
The water elemental is moderately damaged.
The water elemental closely misses you.
You barely miss the water elemental.
The water elemental is moderately damaged.
The water elemental hits you!
You completely miss the water elemental.
The water elemental is moderately damaged.
The water elemental hits you!
You scratch the water elemental.
The water elemental is heavily damaged.
The water elemental barely misses you.
You closely miss the water elemental.
The water elemental is heavily damaged.
You claw the water elemental!
The water elemental is severely damaged.
The water elemental hits you!!
You die...

▓▓▓▓▓▓▓▓ ▓▓▓ <..#[..####
##.# ...#......#####..#
..##.....).#!!#..#
##.##.##...#..#..###+#+##
##.##.###..##'#..#.......
#.####.##..###..@E.⌠.....
.###..##..####...#...####
#.....##..###....#.⌠.#
###..##..†##.....#...#
##..##....#......#+###
#..###..##.#.....# #(.#
#.. ####....# ▓▓▓▓ ▓▓▓
▓▓▓▓▓▓


You could see a water elemental.

Vanquished Creatures
  A scorpion (D)
  Jessica (D)
  A human (D)
  2 endoplasms (D)
  A rat (D)
6 creatures vanquished.

Notes
Turn   | Place    | Note
-------+----------+-------------------------------------------
     0 | D        | mhtbhm the Ghoul Monk began the quest for the Orb.
     0 | D        | Reached XP level 1. HP: 19/19 MP: 0/0
    21 | D        | Noticed Jessica
    32 | D        | Killed Jessica
    33 | D        | Reached skill level 4 in Unarmed Combat
    33 | D        | Reached XP level 2. HP: 15/28 MP: 1/1
    33 | D        | Reached XP level 3. HP: 19/35 MP: 2/2
   188 | D        | Reached skill level 5 in Fighting
   188 | D        | Reached skill level 5 in Unarmed Combat
   191 | D        | Noticed a scorpion
   204 | D        | Killed a scorpion
   205 | D        | Reached skill level 5 in Dodging
   205 | D        | Reached skill level 6 in Unarmed Combat
   205 | D        | Reached XP level 4. HP: 10/44 MP: 3/3
   453 | D        | Noticed a water elemental
   461 | D        | Mangled by a water elemental

Illustrated notes

Levels and vault maps discovered:
D:        dungeon_sprint_mu [sprint_mu_entry_cave, sprint_mu_temple_rooms,
          sprint_mu_d1_horrors, sprint_mu_d2_genie, sprint_mu_d3_branching,
          sprint_mu_orc_legion, sprint_mu_elf_gauntlet, sprint_mu_hive_nellie,
          sprint_mu_lair_fedhas, sprint_mu_vaults_butterflies,
          sprint_mu_slime_circle, sprint_mu_shoals_kraken,
          sprint_mu_snake_twists, sprint_mu_blade_basic,
          sprint_mu_crypt_fortress, sprint_mu_tomb_spiral,
          sprint_mu_vestibule_basic, sprint_mu_gehenna_hellfire,
          sprint_mu_dis_giant, sprint_mu_tartarus_statrot,
          sprint_mu_cocytus_islands, sprint_mu_zot1]

Skill      XL: |  1  2  3 |
---------------+----------+-----
Dodging        | 4 5 |  5.2
Fighting       | 4 5 |  5.9
Unarmed Combat | 4 6 |  6.5
Stealth        | 3 |  3.9

Action                   |  1- 3 |  4- 6 || total
-------------------------+-------+-------++-------
Melee: Unarmed           |    37 |     6 ||    43
  Use: Potion            |     2 |       ||     2
 Stab: Sleeping          |     2 |       ||     2
Armor: Robe              |     2 |       ||     2
Dodge: Dodged            |    11 |     2 ||    13

Table legend: (Time is in decaauts)
 A = Elapsed time spent in this place.
 B = Non-inter-level travel time spent in this place.
 C = Inter-level travel time spent in this place.
 D = Time resting spent in this place.
 E = Time spent auto-exploring this place.
 F = Levels seen in this place.
 G = Mean time per level.
                   A        B        C        D        E       F      G
               +--------+--------+--------+--------+--------+-----+--------+
         Total |    439 |    439 |      0 |    343 |     15 |   1 |  439.0 |
       Dungeon |    439 |    439 |      0 |    343 |     15 |   1 |  439.0 |
               +--------+--------+--------+--------+--------+-----+--------+

Top non-repeatable levels by time:
       D: 439 daAuts
